[Event "Paracin Open 2022"]
[Site "Paracin"]
[Date "2022.07.08"]
[Round "1.12"]
[White "Vaibhav Jayant Raut"]
[Black "Koustav Chatterjee"]
[Result "0-1"]
[ECO "A20"]
[WhiteElo "2169"]
[BlackElo "2485"]
[Annotator "RC"]
[PlyCount "68"]
[EventDate "2022.07.08"]
[EventCountry "SRB"]
[SourceTitle "playchess.com"]
[Source "ChessBase"]
[SourceQuality "1"]
[TimeControl "5400+30"]

1. c4 e5 2. g3 c6 3. Nf3 e4 4. Nd4 d5 5. cxd5 Qxd5 6. e3 Bc5 7. Nc3 Qe5 8. d3 exd3 9. Qxd3 Nf6 10. Nf3 Qh5 11. Bg2 Bh3 12. O-O Nbd7 13. Bxh3 Qxh3 14. Rd1 O-O-O 15. Qf1 Qh5 16. Kg2 g5 17. b3 g4 18. Nh4 Ne5 19. Bb2 Ng6 20. Qc4 Nxh4+ 21. gxh4 Qf5 22. Kg1 Bd6 23. Qf1 Be5 24. Na4 Ne4 25. Qe2 Bxb2 26. Qxb2 b5 27. Nc3 Qf6 28. Rd4 Rxd4 29. exd4 Qxd4 30. Rc1 g3 31. hxg3 Nxg3 32. Kg2 Nf5 33. Qe2 Qf4 34. Rg1 Rd8 0-1

[Event "Paracin Open 2022"]
[Site "Paracin"]
[Date "2022.07.08"]
[Round "1.13"]
[White "Aditya Mittal"]
[Black "Ilijic, Mihajilo"]
[Result "0-1"]
[ECO "A16"]
[WhiteElo "2480"]
[BlackElo "2167"]
[Annotator "RC"]
[PlyCount "106"]
[EventDate "2022.07.08"]
[EventCountry "SRB"]
[SourceTitle "playchess.com"]
[Source "ChessBase"]
[SourceQuality "1"]
[TimeControl "5400+30"]

1. Nf3 Nf6 2. c4 g6 3. Nc3 d5 4. cxd5 Nxd5 5. h4 Nxc3 6. bxc3 h5 7. e4 Bg7 8. Rb1 c5 9. Bb5+ Bd7 10. Be2 Bc6 11. Ng5 Nd7 12. O-O Nf6 13. f3 e6 14. d4 cxd4 15. cxd4 Nh7 16. e5 O-O 17. Bc4 Bd5 18. Bb3 Rc8 19. Ba3 Re8 20. Bxd5 Qxd5 21. Ne4 Red8 22. Nd6 Rc3 23. Rb5 Qxa2 24. Bb2 Rc7 25. Qd3 a6 26. Rb3 Qa4 27. Nxb7 Rb8 28. Ra1 Qxb3 29. Qxb3 Rcxb7 30. Qc4 Rxb2 31. Rxa6 Bh6 32. d5 R2b4 33. Qc7 Bf4 34. Ra2 Bg3 35. Kf1 R4b7 36. Qc6 exd5 37. Ra8 Rxa8 38. Qxb7 Re8 39. f4 Bxf4 40. Qxd5 Bxe5 41. Qb5 Nf6 42. Kf2 Kg7 43. Kf3 Re6 44. Qb7 Ng4 45. Qa7 Bf6 46. g3 Re3+ 47. Kg2 Be5 48. Kh1 Re2 49. Qa3 Rb2 50. Qc5 Rd2 51. Qa3 Rh2+ 52. Kg1 Bd4+ 53. Kf1 Ne3+ 0-1

[Event "Paracin Open 2022"]
[Site "Paracin"]
[Date "2022.07.08"]
[Round "1.14"]
[White "Karadzhov, Ivan"]
[Black "Suleymenov, Alisher"]
[Result "0-1"]
[ECO "D80"]
[WhiteElo "2167"]
[BlackElo "2467"]
[Annotator "RC"]
[PlyCount "86"]
[EventDate "2022.07.08"]
[EventCountry "SRB"]
[SourceTitle "playchess.com"]
[Source "ChessBase"]
[SourceQuality "1"]
[TimeControl "5400+30"]

1. d4 Nf6 2. c4 g6 3. Nc3 d5 4. Bg5 Bg7 5. e3 c5 6. Nf3 cxd4 7. Nxd4 Ne4 8. Nxe4 dxe4 9. Qa4+ Bd7 10. Qa3 Nc6 11. Rd1 h6 12. Bh4 Nxd4 13. exd4 Bg4 14. Be2 Bxe2 15. Kxe2 Qd7 16. h3 f5 17. Bg3 O-O 18. Be5 f4 19. Rhg1 f3+ 20. gxf3 exf3+ 21. Ke1 Qe6 22. Qe3 Rf5 23. Rg4 Bxe5 24. Re4 Qxc4 25. Rxe5 Rxe5 26. dxe5 Rf8 27. Rd4 Qxa2 28. Qxh6 Qa6 29. Kd2 Rc8 30. Rd3 Qa5+ 31. Rc3 Qd5+ 32. Kc1 Rxc3+ 33. bxc3 Qe4 34. Kb2 b5 35. h4 b4 36. h5 bxc3+ 37. Ka3 gxh5 38. Qg5+ Kf7 39. Qxh5+ Ke6 40. Qh6+ Kxe5 41. Qg7+ Kd6 42. Qxc3 Qd5 43. Kb2 Qe5 0-1

[Event "Paracin Open 2022"]
[Site "Paracin"]
[Date "2022.07.08"]
[Round "1.15"]
[White "Nitish Belurkar"]
[Black "Bozinovic, Bogdan"]
[Result "1-0"]
[ECO "B29"]
[WhiteElo "2460"]
[BlackElo "2165"]
[Annotator "RC"]
[PlyCount "87"]
[EventDate "2022.07.08"]
[EventCountry "SRB"]
[SourceTitle "playchess.com"]
[Source "ChessBase"]
[SourceQuality "1"]
[TimeControl "5400+30"]

1. e4 c5 2. Nf3 Nf6 3. e5 Nd5 4. d4 cxd4 5. Qxd4 e6 6. c4 Nc6 7. Qe4 f5 8. exf6 Nxf6 9. Qc2 d5 10. a3 Bd6 11. Bd3 O-O 12. O-O Qe8 13. Nbd2 Qh5 14. h3 Bd7 15. Re1 Rac8 16. Qd1 Rce8 17. b4 Ne5 18. Be2 Qf7 19. Nxe5 Bxe5 20. Ra2 Bc3 21. Rf1 e5 22. cxd5 Bxd2 23. Rxd2 Ne4 24. Rd3 Bb5 25. Re3 Bxe2 26. Qxe2 Nf6 27. Rxe5 Nxd5 28. Bb2 Nf4 29. Qg4 Ng6 30. Rxe8 Rxe8 31. Rd1 h6 32. Rd7 Re7 33. Rxe7 Nxe7 34. Qd4 Nc6 35. Qc3 a6 36. a4 Qd7 37. b5 axb5 38. axb5 Nd8 39. Qc4+ Kh7 40. Be5 Ne6 41. Kh2 Nd8 42. f4 Kg6 43. Qe4+ Kf7 44. Qh7 1-0

[Event "Paracin Open 2022"]
[Site "Paracin"]
[Date "2022.07.08"]
[Round "1.16"]
[White "Prokhorov, Ivan"]
[Black "Agmanov, Zhandos"]
[Result "0-1"]
[ECO "E11"]
[WhiteElo "2162"]
[BlackElo "2459"]
[Annotator "RC"]
[PlyCount "120"]
[EventDate "2022.07.08"]
[EventCountry "SRB"]
[SourceTitle "playchess.com"]
[Source "ChessBase"]
[SourceQuality "1"]
[TimeControl "5400+30"]

1. d4 d5 2. Nf3 Nf6 3. c4 e6 4. g3 Bb4+ 5. Bd2 Be7 6. Bg2 c6 7. Qc2 Nbd7 8. O-O b6 9. Bf4 Bb7 10. Nbd2 Nh5 11. cxd5 exd5 12. Ne5 Nxe5 13. Bxe5 O-O 14. Bf3 Nf6 15. Bf4 Rc8 16. Rfd1 Qd7 17. Nf1 Rfe8 18. Ne3 Bf8 19. Bg5 Qe6 20. Qf5 Qxf5 21. Nxf5 Ne4 22. Bf4 g6 23. Nh6+ Kg7 24. Ng4 h5 25. Bxe4 hxg4 26. Bd3 Be7 27. Be5+ Kg8 28. Rac1 c5 29. Bb5 Red8 30. dxc5 bxc5 31. e3 f6 32. Bc3 Kf7 33. Be2 f5 34. Bf1 d4 35. Bc4+ Kf8 36. Ba5 Rd6 37. Be2 Ba6 38. Bxa6 Rxa6 39. b4 dxe3 40. fxe3 Re8 41. Rc4 cxb4 42. Bxb4 Bxb4 43. Rxb4 Rxa2 44. Rd7 Rxe3 45. Rb8+ Re8 46. Rxe8+ Kxe8 47. Rg7 Ra6 48. Kf2 Kf8 49. Rc7 Ra3 50. Ke2 a5 51. Ra7 g5 52. Rh7 f4 53. Rh5 f3+ 54. Kf1 Ra1+ 55. Kf2 Ra2+ 56. Kf1 a4 57. Rxg5 a3 58. Rxg4 Rxh2 59. Ra4 a2 60. Kg1 Rb2 0-1

[Event "Paracin Open 2022"]
[Site "Paracin"]
[Date "2022.07.08"]
[Round "1.17"]
[White "Sturt, Raven"]
[Black "Kurmangaliyeva, Liya"]
[Result "1-0"]
[ECO "D38"]
[WhiteElo "2457"]
[BlackElo "2157"]
[Annotator "RC"]
[PlyCount "107"]
[EventDate "2022.07.08"]
[EventCountry "SRB"]
[SourceTitle "playchess.com"]
[Source "ChessBase"]
[SourceQuality "1"]
[TimeControl "5400+30"]

1. d4 Nf6 2. c4 e6 3. Nf3 d5 4. Nc3 Bb4 5. Bg5 Nbd7 6. cxd5 exd5 7. e3 c5 8. dxc5 Qa5 9. Nd2 Bxc3 10. bxc3 O-O 11. Qc2 Ne4 12. Nxe4 dxe4 13. Rb1 Nxc5 14. Rb5 Qc7 15. Be2 Be6 16. O-O Rac8 17. Rb4 Qa5 18. Be7 Rfe8 19. Bxc5 Rxc5 20. Qxe4 Rxc3 21. Ra4 Qb6 22. Rb1 Qc5 23. Qxb7 Rc2 24. Qa6 Rd8 25. Rd4 Rc8 26. a4 g6 27. h3 Ra2 28. Bg4 Rc6 29. Qd3 Bxg4 30. hxg4 Kg7 31. Rf4 Rc7 32. Rb5 Qc1+ 33. Kh2 Rd2 34. Qb3 Qc6 35. Qb4 Qd6 36. Qxd6 Rxd6 37. Kg3 Rd2 38. e4 Rd4 39. a5 Ra4 40. e5 Ra3+ 41. Rf3 Ra4 42. Rf6 Re4 43. Ra6 Re7 44. f4 Rc7 45. g5 h6 46. gxh6+ Kxh6 47. Kf3 Ra4 48. Rb3 Kg7 49. Kg4 Rc5 50. Rb7 Rcxa5 51. Rxa5 Rxa5 52. e6 Ra6 53. Rxf7+ Kg8 54. Rf6 1-0

[Event "Paracin Open 2022"]
[Site "Paracin"]
[Date "2022.07.08"]
[Round "1.18"]
[White "Aaditya Dhingra"]
[Black "Neelash Saha"]
[Result "0-1"]
[ECO "B99"]
[WhiteElo "2156"]
[BlackElo "2446"]
[Annotator "RC"]
[PlyCount "121"]
[EventDate "2022.07.08"]
[EventCountry "SRB"]
[SourceTitle "playchess.com"]
[Source "ChessBase"]
[SourceQuality "1"]
[TimeControl "5400+30"]

1. e4 c5 2. Nf3 d6 3. d4 cxd4 4. Nxd4 Nf6 5. Nc3 a6 6. Bg5 e6 7. f4 Be7 8. Qf3 Qc7 9. O-O-O Nbd7 10. g4 h6 11. Bxf6 Bxf6 12. h4 Nb6 13. g5 Bxd4 14. Rxd4 Qc5 15. Rd2 Bd7 16. Be2 Na4 17. Nxa4 Bxa4 18. Rhd1 Rc8 19. Bd3 Rc7 20. g6 O-O 21. Qg4 e5 22. f5 fxg6 23. Qxg6 Rf6 24. Qg3 Be8 25. Kb1 b5 26. c3 Kh8 27. Bc2 Bh5 28. Rc1 Bf7 29. Bb3 Bc4 30. Bxc4 bxc4 31. Rd5 Qc6 32. h5 Rxf5 33. Rxd6 Qxe4+ 34. Ka1 Rxh5 35. a4 Rg5 36. Qh3 Qf5 37. Qh1 Kh7 38. Rxa6 e4 39. Rf1 Qg4 40. Qh2 Rb7 41. Re1 Qg2 42. Qxg2 Rxg2 43. Rxe4 Rbxb2 44. Rg4 Ra2+ 45. Kb1 Rgb2+ 46. Kc1 Rf2 47. Kb1 Rae2 48. Rg1 Rb2+ 49. Ka1 Ra2+ 50. Kb1 Rfb2+ 51. Kc1 Rb7 52. Rg4 Rf7 53. Kb1 Re2 54. Rg1 Re3 55. Rc1 Rb7+ 56. Ka2 Re2+ 57. Ka1 Rb3 58. Rg1 Ra3+ 59. Kb1 Rea2 60. Rc1 Rxa4 61. Rxa4 0-1

[Event "Paracin Open 2022"]
[Site "Paracin"]
[Date "2022.07.08"]
[Round "1.19"]
[White "Nogerbek, Kazybek"]
[Black "Ciric, Pavle"]
[Result "1-0"]
[ECO "A28"]
[WhiteElo "2437"]
[BlackElo "2155"]
[Annotator "RC"]
[PlyCount "65"]
[EventDate "2022.07.08"]
[EventCountry "SRB"]
[SourceTitle "playchess.com"]
[Source "ChessBase"]
[SourceQuality "1"]
[TimeControl "5400+30"]

1. c4 e5 2. Nc3 Nf6 3. Nf3 Nc6 4. e4 d6 5. h3 Be7 6. d4 O-O 7. d5 Nb8 8. Be3 c5 9. g4 Na6 10. Rg1 Nc7 11. Nd2 a6 12. a4 Nfe8 13. g5 f5 14. exf5 Bxf5 15. a5 Rb8 16. h4 b5 17. axb6 Rxb6 18. b3 Kh8 19. h5 g6 20. h6 a5 21. Rxa5 Ra6 22. Qa1 Qa8 23. Rxa6 Nxa6 24. Nce4 Nec7 25. Qb2 Nb4 26. Bxc5 Ncxd5 27. cxd5 Qxd5 28. Bxb4 Bxe4 29. Bc4 Qb7 30. Bc3 Rf5 31. Be6 Rxf2 32. Kxf2 Qb6+ 33. Bd4 1-0

[Event "Paracin Open 2022"]
[Site "Paracin"]
[Date "2022.07.08"]
[Round "1.20"]
[White "Loskutova, Viktoriya"]
[Black "Zajic, Milan"]
[Result "1/2-1/2"]
[ECO "B33"]
[WhiteElo "2153"]
[BlackElo "2431"]
[Annotator "RC"]
[PlyCount "106"]
[EventDate "2022.07.08"]
[EventCountry "SRB"]
[SourceTitle "playchess.com"]
[Source "ChessBase"]
[SourceQuality "1"]
[TimeControl "5400+30"]

1. e4 c5 2. Nf3 Nc6 3. d4 cxd4 4. Nxd4 Nf6 5. Nc3 e5 6. Ndb5 d6 7. Bg5 a6 8. Na3 b5 9. Bxf6 gxf6 10. Nd5 f5 11. Bd3 Be6 12. O-O Bxd5 13. exd5 Ne7 14. Re1 Bg7 15. c3 O-O 16. Nc2 Rc8 17. Nb4 e4 18. Bf1 Qb6 19. a4 a5 20. Nc6 Nxc6 21. dxc6 bxa4 22. Qxa4 Qxb2 23. Ba6 Rc7 24. Rab1 Qxc3 25. Rec1 Qe5 26. Rb7 Rfc8 27. Rb5 Qf4 28. Rbb1 Re8 29. Qxa5 e3 30. fxe3 Qxe3+ 31. Kh1 Be5 32. Bf1 Rxc6 33. Qe1 Qh6 34. g3 Rxc1 35. Rxc1 Kg7 36. Rc2 Ra8 37. Qf2 Qg5 38. Rc7 Ra1 39. Kg2 h5 40. Bc4 d5 41. Rc5 Rd1 42. Rxd5 Rxd5 43. Bxd5 h4 44. Bf3 Qh6 45. gxh4 Qd6 46. Kh3 Qa3 47. h5 Qc1 48. Kg2 Qg5+ 49. Kh3 Kh6 50. Qb6+ Kg7 51. Qf2 Kh8 52. Qc5 Qf6 53. Qc6 Qxc6 1/2-1/2

[Event "Paracin Open 2022"]
[Site "Paracin"]
[Date "2022.07.09"]
[Round "2.1"]
[White "Anand, Batsukh"]
[Black "Predke, Alexandr"]
[Result "0-1"]
[ECO "E01"]
[WhiteElo "2312"]
[BlackElo "2688"]
[Annotator "TA"]
[PlyCount "80"]
[EventDate "2022.07.08"]
[EventCountry "SRB"]
[SourceTitle "playchess.com"]
[Source "ChessBase"]
[SourceQuality "1"]
[TimeControl "5400+30"]

1. d4 Nf6 2. c4 e6 3. Nf3 d5 4. g3 Bb4+ 5. Bd2 Bd6 6. Nc3 {[%emt 0:01:10] E01: Catalan: Early deviations.} O-O {[%emt 0:01:52] 6...0-0 scores better than 6...c6.} 7. Qc2 Nc6 8. c5 {[%emt 0:12:44] The position is equal.} (8. e3 {is more complex.} dxc4 9. Bxc4 e5 10. dxe5 Bxe5 11. O-O) 8... Be7 9. Bg2 {[%emt 0:00:13] [#]} b6 $146 ({Predecessor:} 9... Nd7 10. O-O f5 11. a3 Bf6 12. e3 Ne7 13. Ne1 g5 14. Nd3 Rf7 15. b4 Nf8 {1-0 (64) Bryakin,M (2480)-Sahithi Varshini,M (2216) Novi Sad 2022}) 10. cxb6 axb6 11. O-O Nb4 12. Qd1 c5 13. Re1 Bb7 14. a3 Nc6 15. dxc5 bxc5 16. e4 d4 17. Nb5 Nd7 18. b3 Na7 19. Nxa7 Rxa7 20. a4 Qa8 21. Qc2 Rc8 22. Bf1 h6 23. Bb5 Ba6 24. Bxa6 Rxa6 25. Rec1 e5 26. Bb4 Bf6 27. Bd2 {[%emt 0:08:14] [#]} (27. h4 $17) 27... c4 $1 $19 28. bxc4 Nc5 29. Bb4 (29. Re1 $142) 29... Nxe4 ({Stronger than} 29... Qxe4 30. Qxe4 Nxe4 31. Re1 $15) 30. Re1 {[%emt 0:00:23] [#]} Nxg3 31. hxg3 Qxf3 32. Ra3 {[%emt 0:00:24] Prevents d3.} Qb7 33. Bd2 Rac6 34. a5 Rxc4 35. a6 $2 (35. Qd3) 35... Qxa6 {[%emt 0:00:54] Black is clearly winning.} ({Less strong is} 35... Rxc2 36. axb7 R2c7 37. bxc8=N Rxc8 38. Kg2 $18) 36. Rxa6 Rxc2 37. Bxh6 Kh7 38. f4 Rc1 39. Rxc1 Rxc1+ 40. Kf2 e4 {[%emt 0:00:16] Weighted Error Value: White=0.67/Black=0.05 (flawless)} 0-1

[Event "Paracin Open 2022"]
[Site "Paracin"]
[Date "2022.07.09"]
[Round "2.2"]
[White "Praggnanandhaa R"]
[Black "Yordanov, Lachezar"]
[Result "1-0"]
[ECO "D02"]
[WhiteElo "2648"]
[BlackElo "2316"]
[Annotator "TA"]
[PlyCount "69"]
[EventDate "2022.07.08"]
[EventCountry "SRB"]
[SourceTitle "playchess.com"]
[Source "ChessBase"]
[SourceQuality "1"]
[TimeControl "5400+30"]

1. d4 Nf6 2. Nf3 e6 3. Bf4 d5 4. e3 c5 5. c3 Nc6 6. Nbd2 cxd4 {[%emt 0:00:13] is cutting edge theory.} 7. exd4 {[%emt 0:00:27] D02: 1 d4 d5 2 Nf3 sidelines, including 2...Nf6 3 g3 and 2...Nf6 3 Bf4.} Nh5 8. Be3 Bd6 9. Ne5 {[%emt 0:01:10] The position is equal.} g6 10. Nd3 O-O 11. g3 b6 12. Bg2 Ba6 13. Nf3 Ng7 14. O-O Nf5 15. Re1 {[%emt 0:14:02] [#]} Re8 $146 ({Predecessor:} 15... Nce7 16. Bf4 Bxd3 17. Bxd6 Nxd6 18. Qxd3 b5 19. h4 Rb8 20. a3 h5 21. Ng5 a5 {0-1 (57) Mouhamad,J (2293)-Maurizzi,M (2404) Paris 2019}) 16. Bc1 Bf8 17. h4 Bg7 18. Nde5 Bb7 19. Nxc6 Bxc6 20. h5 Rc8 21. Ne5 Bb7 22. a4 f6 23. Nd3 g5 {[%emt 0:02:19] Prevents Nf4.} 24. a5 Qd7 25. axb6 axb6 26. Qb3 Qc6 27. Ra7 Kh8 28. Qa4 h6 {[%emt 0:05:15] [#]} (28... Qxa4 $14 29. Rxa4 Rc7) 29. Qxc6 $1 $16 Bxc6 30. Nb4 Ba8 31. Na6 {[%emt 0:03:21] White is more active.} (31. Ra6 $16) 31... Bc6 (31... Nd6 $1 $14) 32. Bh3 $36 {[%emt 0:00:59][%mdl 2048] Black is under strong pressure.} Nd6 {[%emt 0:06:24] [#]} (32... Bf8 $16 {is a better defense.}) 33. Nc7 $1 $18 ({Worse is} 33. Rxe6 Rxe6 34. Bxe6 Re8 $11) ({And not} 33. Bxe6 Nb5 34. Rf7 Nd6 $11) 33... e5 (33... Nb5 $142) 34. Bxc8 ({Don't do} 34. Nxe8 Rxe8 35. b3 Rd8 $18) 34... Rxc8 35. Ne6 {[%emt 0:00:07] Weighted Error Value: White=0.05 (flawless) /Black=0.23 (precise)} 1-0

[Event "Paracin Open 2022"]
[Site "Paracin"]
[Date "2022.07.09"]
[Round "2.3"]
[White "Milosevic, Milos"]
[Black "Petrov, Nikita"]
[Result "1/2-1/2"]
[ECO "D00"]
[WhiteElo "2288"]
[BlackElo "2558"]
[Annotator "TA"]
[PlyCount "66"]
[EventDate "2022.07.08"]
[EventCountry "SRB"]
[SourceTitle "playchess.com"]
[Source "ChessBase"]
[SourceQuality "1"]
[TimeControl "5400+30"]

1. d4 Nf6 2. Nc3 d5 3. Bf4 e6 4. e3 Bb4 5. Nge2 O-O 6. a3 {[%emt 0:00:03] D00: 1 d4 d5: Unusual lines.} Be7 7. Ng3 c5 8. dxc5 {[%emt 0:00:05] Black is slightly better.} Bxc5 9. Bd3 {[%emt 0:00:08] [#]} Nbd7 $146 ({Predecessor:} 9... Nc6 10. O-O h6 11. e4 e5 12. Bd2 Ng4 13. h3 Nxf2 14. Rxf2 Qh4 15. Nh1 f5 16. exd5 {1-0 (56) Indjic,A (2623)-Kantor,G (2575) Warsaw 2021}) 10. e4 d4 (10... Qb6 11. O-O $14) 11. Nce2 e5 12. Bd2 Re8 13. O-O Bf8 14. b4 a5 15. bxa5 (15. h3 $11) 15... Nc5 16. Nc1 Be6 {[%emt 0:06:09][%mdl 1024] Black has compensation.} 17. h3 Qc7 18. Bb5 Rec8 ({Much weaker is} 18... Ncxe4 19. Nxe4 Nxe4 20. Bxe8 Rxe8 21. Bb4 $11) ({Reject} 18... Nfxe4 19. Nxe4 Nxe4 20. Bxe8 Rxe8 21. Bb4 $11) 19. Qf3 Ncd7 (19... h5 $15 20. Bg5 Nh7) 20. Bd3 (20. Nd3 $11) 20... b6 $15 21. axb6 Nxb6 22. Nf5 Nc4 23. Bg5 {[%emt 0:00:47][%cal Of5g7] [#] Threatens to win with Nxg7!} Nd7 {[%emt 0:00:57] White must now prevent ...h6.} 24. Ne2 Nxa3 (24... f6 $17 25. Bc1 Nc5) 25. Ne7+ Bxe7 26. Bxe7 Nc5 ({Much worse is} 26... Nxc2 27. Rac1 Nb6 28. Bh4 $15) 27. Bxc5 Qxc5 28. Qh5 f6 29. f4 (29. Rfc1 $11) 29... Nc4 ({Black should try} 29... Nxc2 $17 30. Rxa8 Rxa8) 30. fxe5 $11 {[%emt 0:03:35] The position is equal.} Qxe5 31. Qxe5 fxe5 32. Rxa8 Rxa8 33. Rb1 Rc8 {[%emt 0:05:35] Weighted Error Value: White=0.21 (precise) /Black=0.22 (precise)} 1/2-1/2

[Event "Paracin Open 2022"]
[Site "Paracin"]
[Date "2022.07.09"]
[Round "2.4"]
[White "Makarian, Rudik"]
[Black "Todorovic, Nenad I"]
[Result "1-0"]
[ECO "E43"]
[WhiteElo "2533"]
[BlackElo "2302"]
[Annotator "TA"]
[PlyCount "55"]
[EventDate "2022.07.08"]
[EventCountry "SRB"]
[SourceTitle "playchess.com"]
[Source "ChessBase"]
[SourceQuality "1"]
[TimeControl "5400+30"]

1. d4 Nf6 2. c4 e6 3. Nf3 b6 4. Nc3 Bb4 5. e3 Bb7 6. Bd3 O-O 7. Bd2 c5 8. a3 {[%emt 0:00:07] E43: Nimzo-Indian: Rubinstein: 4...b6.} cxd4 9. exd4 Be7 10. Qe2 {[%emt 0:00:04] The position is equal.} d6 11. O-O Nbd7 12. b4 Re8 {[%emt 0:00:00][%cal Oe6e5] [#]} 13. Rfe1 $146 ({Predecessor:} 13. Ng5 Bf8 14. f4 g6 15. Be3 a6 16. h3 Qc7 17. Qf2 b5 18. c5 Rad8 19. Rad1 {½-½ (31) Weissenbeck,M (2200)-Lorincz,I (2360) Budapest 1997}) 13... Bf8 14. Bg5 Qc7 15. Rac1 Rac8 16. Qd1 Qb8 17. d5 e5 (17... exd5 $11 {remains equal.} 18. Rxe8 Rxe8) 18. Nd2 $1 $16 {[%emt 0:18:00] White is much more active.} g6 19. Bc2 Bg7 (19... b5 $16 {is a better defense.}) 20. Ba4 $18 Rf8 21. Nce4 {[%emt 0:01:15] And now Qf3 would win.} Qc7 22. Bxd7 Nxd7 23. Be7 Rfe8 24. Bxd6 Qd8 25. Qb3 {[%emt 0:02:11] Threatens to win with c5.} f5 {[%emt 0:00:00] [#]} (25... Bh6 {was worth a try.}) 26. c5 $1 {[%emt 0:00:42][%cal Bc4c5,Bc5c6][%mdl 32] c6 is the strong threat. White has a decisive advantage.} fxe4 (26... Nf6 27. Nxf6+) 27. c6 Ba8 {[%emt 0:00:00] [#] Hoping for ...Nf6.} 28. Bc7 $1 {[%emt 0:01:23][%mdl 576] Clearance.  Weighted Error Value: White=0.05 (flawless) /Black=0.23 (precise)} 1-0

[Event "Paracin Open 2022"]
[Site "Paracin"]
[Date "2022.07.09"]
[Round "2.5"]
[White "Arpita, Mukherjee"]
[Black "Zanan, Evgeny"]
[Result "1-0"]
[ECO "C87"]
[WhiteElo "2281"]
[BlackElo "2521"]
[Annotator "TA"]
[PlyCount "139"]
[EventDate "2022.07.08"]
[EventCountry "SRB"]
[SourceTitle "playchess.com"]
[Source "ChessBase"]
[SourceQuality "1"]
[TimeControl "5400+30"]

1. e4 e5 2. Nf3 Nc6 3. Bb5 a6 4. Ba4 Nf6 5. d3 d6 6. c3 Be7 7. O-O O-O 8. Re1 Re8 9. Nbd2 Bf8 10. h3 b5 11. Bc2 Bb7 {[%emt 0:03:36] C87: Closed Ruy Lopez: Steinitz-type lines after 6 Re1 d6.} 12. a4 g6 {[%emt 0:03:53] [#]} 13. b4 $146 ({Predecessor:} 13. Nf1 Nh5 14. Ne3 Nf4 15. g3 Ne6 16. b4 Bg7 17. Bb3 Ne7 18. Qc2 c6 19. Qa2 {0-1 (41) Svana,P (2294)-Motycakova,M (2132) Slovakia 2012}) 13... Bg7 {[%emt 0:10:36] White is slightly better.} 14. Nb3 Nd7 15. Bg5 f6 16. Bh4 Nb6 17. Na5 Nxa5 18. bxa5 (18. axb5 {is more complex.} axb5 19. bxa5 Nd7 20. Qb1) 18... Nxa4 19. Bxa4 bxa4 20. Qxa4 {[%emt 0:00:24] aiming for Qb3+.} Kh8 (20... Bc8 {keeps more tension.} 21. d4 Qe7 22. Qc4+ Be6) 21. Rab1 Bc8 22. d4 Bd7 23. Qc2 g5 24. Bg3 Rf8 25. Rbd1 Qe8 {[%emt 0:02:27] Threatens to win with ...Ba4.} 26. Qd3 g4 27. hxg4 Bxg4 28. Rb1 f5 29. Nh2 fxe4 30. Qc4 Bf5 31. Rb7 exd4 32. cxd4 c6 $2 (32... Qf7 $11 33. Qxc7 Qxc7 34. Rxc7 d5) 33. Bxd6 $18 Rg8 34. Nf3 (34. Qc5 $18 {has better winning chances.} Qg6 35. Nf1) 34... Be6 $16 {[%emt 0:00:21] [#]} 35. Qxe6 {[%emt 0:00:23] 0x0.001b688dc7b8dp-1022s more active pieces.} Qxe6 {[%emt 0:00:14] [#]} 36. Ng5 $1 Qd5 (36... Ra7 $2 37. Rxa7 (37. Nxe6 Rxb7 38. Rc1 Rc8 $17) 37... Qg6 38. Nf7+ Qxf7 39. Rxf7 $18) (36... Qf6 37. Nf7+) 37. Nf7+ Qxf7 38. Rc7 (38. Rxf7 $14 Bxd4 39. Rxe4) 38... Qe7 $4 39. Rxe7 (39. Bxe7 $18 Bxd4 40. Rxe4) 39... Bxd4 40. Rf7 (40. R1xe4 $16 Bb2 41. Rc7) 40... Rg7 (40... Rae8 $11) 41. Rxe4 $2 Ba1 $2 (41... Rxf7 $19 42. Rxd4 Rf5) 42. Rf3 Rd7 43. Ra4 (43. Bc5 $16) 43... Rxd6 $11 44. Rxa1 {[%emt 0:00:00][%mdl 4096] Endgame KRR-KRR} Rc8 45. Rb1 Rcd8 (45... c5 $11) 46. Rb6 $16 c5 {[%emt 0:00:03][%cal Bc6c5,Bc5c4,Bc4c3][%mdl 32] [#]} 47. Rf8+ $3 Rxf8 48. Rxd6 {[%emt 0:00:01] KR-KR} c4 49. Rxa6 Rc8 50. Rb6 c3 {[%emt 0:00:04] ( -> ...c2)} 51. Rb1 c2 52. Rc1 Kg7 53. a6 Kg6 54. a7 {[%emt 0:00:13][%cal Oc1c2] Hoping for Rxc2!} Ra8 55. Rxc2 Rxa7 56. Kh2 Ra4 57. Kg3 h5 58. Rc6+ Kg5 59. Rc5+ Kg6 60. f4 (60. Rd5 $16) 60... Rb4 $14 61. Rg5+ Kh6 $1 62. Kf3 Rb3+ 63. Kf2 Rb2+ 64. Kg3 {[%emt 0:00:15] Black must now prevent Kh4.} Rb3+ $2 (64... Rb4 $11) 65. Kh2 $2 ({White must play} 65. Kh4 $18 Rb4 66. g3) 65... Rb4 $11 66. Kg3 $2 (66. g3 $11) 66... Rb3+ $18 67. Kh4 {[%emt 0:00:15] White is clearly winning.} Rb2 68. Rxh5+ Kg6 69. Rg5+ Kf6 70. Kg3 {[%emt 0:00:21] Weighted Error Value: White=0.37/Black=0.38} 1-0

[Event "Paracin Open 2022"]
[Site "Paracin"]
[Date "2022.07.09"]
[Round "2.6"]
[White "Antova, Gabriela"]
[Black "Pranav Vijay"]
[Result "0-1"]
[ECO "E10"]
[WhiteElo "2275"]
[BlackElo "2265"]
[Annotator "RC"]
[PlyCount "104"]
[EventDate "2022.07.08"]
[EventCountry "SRB"]
[SourceTitle "playchess.com"]
[Source "ChessBase"]
[SourceQuality "1"]
[TimeControl "5400+30"]

1. d4 Nf6 2. c4 e6 3. Nf3 Nc6 4. Bf4 Bb4+ 5. Nbd2 d6 6. a3 Bxd2+ 7. Qxd2 Qe7 8. h3 e5 9. Bh2 O-O 10. d5 Nb8 11. e3 a5 12. b3 Nbd7 13. Be2 Nc5 14. Qc2 Nfe4 15. O-O Bf5 16. Qb2 Bg6 17. Ne1 c6 18. f3 Nf6 19. Rd1 cxd5 20. cxd5 Qc7 21. Kh1 Rac8 22. e4 Qb6 23. Rb1 Nxd5 24. Bg1 Nf4 25. b4 axb4 26. axb4 Nxe2 27. Qxe2 Qa6 28. Qxa6 Nxa6 29. Nd3 f5 30. exf5 Bxf5 31. Rb3 Nc7 32. Ra1 Nb5 33. Ra5 Bd7 34. Be3 Rc2 35. Nf2 Bc6 36. Ra1 h6 37. Bb6 Rf4 38. Kg1 Rfc4 39. Ng4 Rc1+ 40. Rxc1 Rxc1+ 41. Kf2 Rc2+ 42. Kg3 Kf7 43. Ne3 Re2 44. Rd3 Ke6 45. Nc4 Ra2 46. Re3 Bd5 47. Na5 Rb2 48. f4 Rxg2+ 49. Kh4 Kf5 50. fxe5 dxe5 51. Nb3 Nd6 52. Bc7 Kf4 0-1